cohdb
Replays
Latest Replays
All Replays
Popular Replays
Top Player Replays
Match Explorer
How It Works
Community
CoH3 Stats
Reddit
Sign in to upload your games and track your stats! →
Sign in with Steam
Match 46601689
Unlisted
Match 46601689
Overview
Messages
Build Orders
End
Selects Airborne Battlegroup
Selects Heavy Machine Gun Paradrop
Construct Weapon Support Center
Selects Pathfinders
Sniper
M1919 Machine Gun Team
Engineer Squad
Construct Medical Station
Selects Paratrooper Squad Paradrop
Paratrooper Squad Paradrop
Paratrooper Squad Paradrop
Air Support Center
P-47 Dive Bomb
M3 Armored Personnel Carrier
Selects Recon Loiter
Construct Tank Depot
Selects Recon Loiter
M4A1 Sherman Medium Tank
P-47 Dive Bomb
Selects Paradrop Reinforcements
Double Sortie
Improved Aircraft Armor
Air Supply
Recon Loiter
Thelolzoflolz
Kray-Tos
God of War....and Diplomacy
ne_Snow
0
0
Comments
sign in to comment!
No comments posted yet!